 Dungeon Crawl Stone Soup version 0.31-a0-18-gea43df2a32 (webtiles) character file.

Game seed: 6898907146869508931

144909 IdlyInterested the Slayer (level 16, -7/162 HPs)
             Began as a Demonspawn Wanderer on May 10, 2023.
             Was the Champion of Trog.
             Mangled by a jumping spider simulacrum (9 damage)
             ... on level 1 of the Spider Nest on May 11, 2023.
             The game lasted 02:09:46 (27661 turns).

IdlyInterested the Slayer (Demonspawn Wanderer)    Turns: 27661, Time: 02:09:47

Health: -7/162     AC: 23    Str: 21    XL:     16   Next: 86%
Magic:  2/2        EV: 12    Int: 11    God:    Trog [******]
Gold:   1947       SH:  0    Dex: 23    Spells: 15/15 levels left

rFire   + + .        h - +9 quick blade (antimagic)
rCold   + . .        (no shield)
rNeg    . . .        f - +3 chain mail {rF+}
rPois   +            a - +2 helmet
rElec   .            m - +1 cloak {rF+}
rCorr   .            (gloves unavailable)
SInv    .            c - +1 pair of boots
Will    +++++        l - amulet of faith
Stlth   ++++         Z - ring of poison resistance
HPRegen 2.27/turn    Y - ring of Moloug {Will+++ MP-9 Str+2 Dex+6 Stlth+}
MPRegen 0.08/turn

%: faith
@: strong-willed, on berserk cooldown, regenerating, slowed, very slow
A: rugged brown scales 3, demonic guardian 2, ignite blood 2, corrupting
presence 1, demonic touch 3, cold resistance 1, dopey 1, regeneration 1, strong
1
a: Renounce Religion, Berserk, Trog's Hand, Brothers in Arms


You were on level 1 of the Spider Nest.
You worshipped Trog.
Trog was exalted by your worship.
You visited 5 branches of the dungeon, and saw 24 of its levels.
You also visited: Gauntlet, Ice Cave and Volcano.

You collected 2799 gold pieces.
You spent 852 gold pieces at shops.

Inventory:

Hand Weapons
 h - a +9 antimagic quick blade (weapon)
 W - the +1 short sword "Eliudiga" {venom, rC+ rN+}
   (You found it on level 2 of the Lair of Beasts)

   rC:        It protects you from cold.
   rN:        It protects you from negative energy.
 X - a +4 heavy dagger
Missiles
 r - 10 atropa-tipped darts
 s - 2 silver boomerangs
 v - 12 javelins
 y - 9 boomerangs (quivered)
 I - 5 throwing nets
 K - 18 silver javelins
 O - a curare-tipped dart
 Q - 9 boomerangs of dispersal
Armour
 a - a +2 helmet (worn)
 c - a +1 pair of boots (worn)
 f - a +3 chain mail of fire resistance (worn)
 j - a +0 kite shield of cold resistance
 m - a +1 cloak of fire resistance (worn)
 o - a +2 robe of positive energy
 U - a +1 plate armour of cold resistance
Jewellery
 i - an amulet of regeneration
 l - an amulet of faith (around neck)
 t - the ring of Ujibyim {Fire *Corrode Str+4}
   (You found it in a Gauntlet)

   [ring of fire]

   It enhances your fire magic.
   Str:       It affects your strength (+4).
   rF:        It protects you from fire.
   rC:        It makes you vulnerable to cold.
   *Corrode:  It may corrode you when you take damage.
 C - a ring of positive energy
 J - a +5 ring of evasion
 Y - the ring of Moloug (right hand) {Will+++ MP-9 Str+2 Dex+6 Stlth+}
   (You bought it in a shop on level 2 of the Orcish Mines)

   [ring of dexterity]

   Str:       It affects your strength (+2).
   Dex:       It affects your dexterity (+6).
   MP:        It affects your magic capacity (-9).
   Will:      It greatly increases your willpower.
   Stlth:     It makes you more stealthy.
 Z - a ring of poison resistance (left hand)
Wands
 n - a wand of paralysis (30)
 q - a wand of iceblast (24)
 x - a wand of flame (99)
 B - a wand of polymorph (3)
 E - a wand of quicksilver (28)
 G - a wand of digging (22)
 M - a wand of mindburst (13)
Scrolls
 b - 3 scrolls of fog
 w - 2 scrolls of fear
 H - 4 scrolls of blinking
 N - 13 scrolls of teleportation
 P - 4 scrolls of silence
Potions
 d - 16 potions of curing
 e - a potion of cancellation
 k - 2 potions of invisibility
 p - 8 potions of flight
 A - 4 potions of might
 D - 5 potions of mutation
 F - 4 potions of magic
 L - 3 potions of berserk rage
 R - 3 potions of haste
 S - a potion of heal wounds
Miscellaneous
 g - a phial of floods
 u - a condenser vane
 z - a phantom mirror
 T - a box of beasts
 V - a lightning rod (4/4)


   Skills:
 * Level 21.3 Fighting
 - Level 14.0 Short Blades
 - Level 2.6 Staves
 - Level 5.0 Throwing
 - Level 6.0 Armour
 + Level 5.9 Dodging
 - Level 12.0 Stealth
 - Level 3.6 Unarmed Combat
 - Level 5.0 Evocations


You had 15 spell levels left.
You didn't know any spells.
Your spell library contained the following spells:

 Spells                   Type           Power      Damage    Failure   Level
 Apportation              Tloc           0%         N/A       91%         1
 Gell's Gravitas          Tloc           0%         N/A       100%        3
 Teleport Other           Tloc           0%         N/A       100%        3
 Alistair's Intoxication  Tmut/Pois      0%         N/A       100%        5
 Dispersal                Tloc           0%         N/A       100%        6


Dungeon Overview and Level Annotations

Branches:
Dungeon (15/15)            Temple (1/1) D:5            Lair (5/5) D:10
 Shoals (0/4) Lair:2       Spider (1/4) Lair:2        Slime (0/5) Lair:4
    Orc (2/2) D:10            Elf (0/3) Orc:2        Vaults (0/5) D:13
 Depths (0/4) D:15          IceCv (visited)         Volcano (visited)
Gauntlet (visited)

Altars:
Ashenzari
Cheibriados
Dithmenos
Fedhas
Gozag
Hepliaklqana
Kikubaaqudgha
Makhleb
Nemelex Xobeh
Okawaru
Qazlal
Ru
Sif Muna
Trog
Uskayaw
Vehumet
Wu Jian
Xom
Yredelemnul
Jiyva

Shops:
D:4 (   D:9 (   D:14 !(   Orc:1 *   Orc:2 [=:!


Innate Abilities, Weirdness & Mutations

You are completely covered in rugged brown scales. (AC +3, +7% HP)
A demonic guardian rushes to your aid.
Your demonic aura often causes spilled blood to erupt in flames.
Your presence sometimes corrodes those you injure.
Your touch may irresistibly damage your foes and sap their willpower.
Your flesh is cold resistant. (rC+)
You are dopey. (Int -2)
Your natural rate of healing is unusually fast.
Your muscles are strong. (Str +4, Int/Dex -1)


Message History

A wolf spider simulacrum comes into view.
You puncture the wolf spider simulacrum!
Your touch misses the wolf spider simulacrum.
The wolf spider simulacrum is moderately damaged.
The jumping spider pounces on you but does no damage.
The jumping spider bites you.
* * * LOW HITPOINT WARNING * * *
You puncture the wolf spider simulacrum!
The wolf spider simulacrum is heavily damaged.
You puncture the wolf spider simulacrum!
You touch the wolf spider simulacrum.
The wolf spider simulacrum vaporises!
You puncture the jumping spider!
The jumping spider is severely wounded.
You impale the jumping spider!!
You kill the jumping spider!
Trog accepts your kill.
A freezing mist starts to gather...
A jumping spider simulacrum comes into view.
You feel a strong urge to attack something.
You are too berserk!
You are too berserk!
You feel your anger nearly subside.
You are no longer berserk.
You are exhausted.
You feel yourself slow down. The jumping spider pounces on you.
* * * LOW HITPOINT WARNING * * *
A demonic guardian appears!
The jumping spider bites you but does no damage.
The jumping spider simulacrum barely misses you.
The jumping spider simulacrum bites you but does no damage.
You hit the jumping spider simulacrum but do no damage.
You touch the jumping spider simulacrum!
You sap its willpower!
The jumping spider simulacrum is heavily damaged.
The jumping spider closely misses you. The jumping spider barely misses you.
The jumping spider simulacrum pounces on you!
* * * LOW HITPOINT WARNING * * *
The jumping spider simulacrum freezes you!
You resist.
You die...

##
..#.........##^....#
#
..#.#..........#####
...............# #
.........#:...^# #
.........#..#### #
.........#..##
.^###..†.#...# .#
##...##.!# ..#
#.†sZ@..# ..#
##..s.3## ###
...........^#
^.........^.#
....$......##
..#.......## .
#....#### ......
##....


You could see 2 jumping spiders, a jumping spider simulacrum (weak-willed) and a
friendly sun demon (summoned).

Vanquished Creatures
  Kirke (D:14)
  2 frost giants (IceCv)
  An orc warlord (Orc:1)
  A white draconian (IceCv)
  A minotaur (Gauntlet)
  An ettin (D:15)
  Josephine (Spider:1)
  Fannar (D:10)
  3 vault guards (D:13)
  A rakshasa (D:14)
  3 centaur warriors
  3 ogre magi
  3 ironbound frosthearts (IceCv)
  A radroach (Spider:1)
  A catoblepas (Lair:5)
  4 hydras
  6 boulder beetles
  5 two-headed ogres
  A death scarab (Gauntlet)
  2 tengu warriors
  A naga warrior (Orc:1)
  11 death yaks
  Urug (Lair:5)
  2 orc high priests
  Nergalle (Orc:1)
  2 skysharks (Lair:5)
  A sixfirhy (Gauntlet)
  14 skeletal warriors
  A fire crab (Volcano)
  3 pharaoh ants (Spider:1)
  2 orb spiders (Spider:1)
  2 deep trolls
  An orange crystal statue (IceCv)
  A deep elf archer (D:13)
  A lindwurm (Volcano)
  A necromancer (D:15)
  A wizard (D:15)
  2 deep elf pyromancers
  2 wolf spiders (Spider:1)
  3 cyclopes
  6 orc knights
  An oklob plant (D:10)
  7 orc sorcerers
  26 ugly things
  A moth of wrath (Gauntlet)
  2 manticores
  9 elephants
  11 cane toads
  An ice statue (D:12)
  A gargoyle (D:11)
  2 demonic crawlers (Spider:1)
  An eye of devastation (Lair:4)
  3 unseen horrors
  7 komodo dragons
  3 kobold demonologists (D:11)
  A tengu conjurer (D:13)
  12 rime drakes
  3 meliai (D:15)
  10 trolls
  20 polar bears
  A troll (shapeshifter) (D:15)
  4 hornets (Lair:5)
  A tarantella (Spider:1)
  12 dream sheep (Lair:5)
  A tarantella (shapeshifter) (D:15)
  27 blink frogs
  4 slime creatures (D:15)
  8 culicivoras
  11 jumping spiders (Spider:1)
  A centaur simulacrum (D:14)
  A spectral black mamba (Gauntlet)
  12 spriggans (Lair:5)
  8 wraiths
  44 yaks
  2 fire bats (Volcano)
  7 wyverns
  A hog (D:14)
  A basilisk (Lair:2)
  A human (D:13)
  Eustachio (D:6)
  9 redbacks
  A steam dragon (D:6)
  6 vampire mosquitoes
  4 wargs
  An acid dragon (D:10)
  14 water moccasins
  3 hell hounds (Volcano)
  A floating eye (Lair:4)
  A sky beast (D:8)
  3 ice beasts
  A sky beast (shapeshifter) (D:13)
  9 black bears
  34 orc warriors
  49 wolves
  12 ogres
  5 boggarts (Lair:5)
  12 centaurs
  A lemure (D:7)
  A phantom (D:5)
  6 kobold brigands
  20 bullfrogs
  4 scorpions
  A scorpion (shapeshifter) (D:14)
  7 wights (D:8)
  18 killer bees
  2 howler monkeys
  2 lava snakes (D:9)
  3 hounds
  2 jellies
  29 orc priests
  3 iguanas
  A gnoll bouda (D:5)
  Natasha (thrice) (D:3)
  2 hell rats (Lair:2)
  34 orc wizards
  7 adders
  4 gnolls
  7 river rats (Lair:2)
  A shadow imp (D:7)
  A white imp (D:8)
  5 ufetubi
  2 dart slugs
  50 orcs
  7 bats
  7 endoplasms
  A giant cockroach (D:2)
  5 goblins
  7 hobgoblins
  8 jackals
  22 kobolds
  4 quokkas
  4 ball pythons
  5 frilled lizards
  11 rats
832 creatures vanquished.

Vanquished Creatures (collateral kills)
  A catoblepas (Lair:5)
  2 two-headed ogres
  The ghost of BlasphemerAmon the Skirmisher, a journeyman SpHu of Gozag (Orc:1)
  2 tengu warriors
  A deep elf knight (Orc:1)
  An orb spider (Spider:1)
  2 deep elf archers
  An oklob plant (Lair:4)
  Pikel (D:7)
  An ugly thing (D:15)
  A torpor snail (Lair:3)
  A polar bear (IceCv)
  2 blink frogs
  A jumping spider (Spider:1)
  A yak (Lair:5)
  2 culicivoras (Spider:1)
  A hog (D:14)
  An acid dragon (D:12)
  A water moccasin (D:5)
  2 orc warriors
  2 bullfrogs (Lair:4)
  A scorpion (D:4)
  2 howler monkeys (D:13)
  3 orc priests
  2 iguanas
  7 gnolls (D:5)
  A worm (D:4)
  A dart slug (D:3)
  5 orcs
  A frilled lizard (D:2)
51 creatures vanquished.

Vanquished Creatures (others)
  A wyvern (D:7)
  2 humans (D:14)
  An orc warrior (Orc:2)
  A kobold brigand (D:7)
  A gnoll sergeant (D:7)
  An orc (Orc:2)
7 creatures vanquished.

Grand Total: 890 creatures vanquished

Notes
Turn   | Place    | Note
-------+----------+-------------------------------------------
     0 | D:1      | IdlyInterested the Demonspawn Wanderer began the quest for
                  | the Orb.
     0 | D:1      | IdlyInterested set off with the following items: a +2
                  | quarterstaff, a scroll of fog, a +0 pair of boots, a potion
                  | of curing, a +0 robe.
     0 | D:1      | Reached XP level 1. HP: 16/16 MP: 1/1
   161 | D:1      | Gained mutation: Your touch may inflict minor irresistible
                  | damage on your foes. [demonic ancestry]
   161 | D:1      | Reached XP level 2. HP: 23/23 MP: 2/2
   331 | D:1      | Reached skill level 1 in Stealth
   607 | D:2      | Reached skill level 3 in Fighting
   609 | D:2      | Gained mutation: A weak demonic guardian rushes to your
                  | aid. [demonic ancestry]
   609 | D:2      | Reached XP level 3. HP: 29/29 MP: 3/3
  1008 | D:2      | Reached skill level 1 in Armour
  1073 | D:2      | Found a shadowy altar of Dithmenos.
  1676 | D:3      | Noticed Natasha
  1679 | D:3      | Gained mutation: Your demonic aura sometimes causes spilled
                  | blood to erupt in flames. [demonic ancestry]
  1679 | D:3      | Reached XP level 4. HP: 36/37 MP: 4/4
  1682 | D:3      | Killed Natasha
  1683 | D:3      | Reached skill level 4 in Fighting
  1683 | D:3      | Reached skill level 1 in Evocations
  1770 | D:3      | Reached XP level 5. HP: 31/43 MP: 5/5
  2084 | D:3      | Noticed Natasha
  2090 | D:3      | Killed Natasha
  2091 | D:3      | Reached skill level 5 in Fighting
  2131 | D:3      | Noticed Natasha
  2139 | D:3      | Killed Natasha
  2159 | D:3      | Found a sparkling altar of Nemelex Xobeh.
  2455 | D:4      | Reached skill level 1 in Throwing
  2455 | D:4      | Gained mutation: A demonic guardian rushes to your aid.
                  | [demonic ancestry]
  2455 | D:4      | Reached XP level 6. HP: 49/51 MP: 6/6
  2875 | D:4      | Found Wyneyli's Weapon Emporium.
  3048 | D:5      | Entered Level 5 of the Dungeon
  3068 | D:5      | Reached skill level 6 in Fighting
  3079 | D:5      | Gained mutation: You are partially covered in rugged brown
                  | scales. (AC +1, +3% HP) [demonic ancestry]
  3079 | D:5      | Reached XP level 7. HP: 53/60 MP: 7/7
  3225 | D:5      | Reached skill level 7 in Fighting
  3401 | D:5      | Found a staircase to the Ecumenical Temple.
  3413 | Temple   | Entered the Ecumenical Temple
  3600 | Temple   | Became a worshipper of Trog the Wrathful
  3651 | D:5      | Reached skill level 8 in Fighting
  3651 | D:5      | Gained mutation: You are mostly covered in rugged brown
                  | scales. (AC +2, +5% HP) [demonic ancestry]
  3651 | D:5      | Reached XP level 8. HP: 15/71 MP: 8/8
  4014 | D:5      | Reached * piety under Trog
  4015 | D:5      | Reached skill level 9 in Fighting
  4834 | D:6      | Noticed Eustachio
  4855 | D:6      | Paralysed by Eustachio for 5 turns
  4887 | D:6      | Killed Eustachio
  4888 | D:6      | Reached skill level 10 in Fighting
  4888 | D:6      | Reached XP level 9. HP: 38/81 MP: 9/9
  5379 | D:6      | Reached skill level 1 in Short Blades
  5712 | D:4      | Bought 7 stones for 9 gold pieces
  5712 | D:4      | Bought 6 atropa-tipped darts for 70 gold pieces
  5712 | D:4      | Bought 4 stones for 5 gold pieces
  5918 | D:7      | Noticed Pikel
  5939 | D:7      | Killed Pikel
  6100 | D:7      | Reached skill level 5 in Stealth
  6153 | D:7      | Reached ** piety under Trog
  6337 | D:7      | Found a shimmering altar of Xom.
  6413 | D:7      | Gained mutation: You are dopey. (Int -2) [potion of
                  | mutation]
  6413 | D:7      | Gained mutation: You have hidden genetic potential. [potion
                  | of mutation]
  6413 | D:7      | Gained mutation: Your muscles are strong. (Str +4, Int/Dex
                  | -1) [potion of mutation]
  6833 | D:8      | Reached skill level 5 in Short Blades
  6845 | D:8      | Reached skill level 11 in Fighting
  6994 | D:8      | Reached XP level 10. HP: 91/91 MP: 10/10
  7855 | D:9      | Reached *** piety under Trog
  8066 | D:9      | Found Radi's Antique Weapon Emporium.
  8121 | D:9      | Gained mutation: Your natural rate of healing is unusually
                  | fast. [hidden potential]
  8176 | D:9      | Noticed a two-headed ogre
  8190 | D:9      | Killed a two-headed ogre
  8854 | D:10     | Entered Level 10 of the Dungeon
  9031 | D:10     | Noticed an oklob plant
  9032 | D:10     | Found a staircase to the Lair.
  9039 | D:10     | Killed an oklob plant
  9040 | D:10     | Gained mutation: Your touch may inflict irresistible damage
                  | on your foes. [demonic ancestry]
  9040 | D:10     | Reached XP level 11. HP: 99/99 MP: 11/11
  9124 | D:10     | Found a staircase to the Orcish Mines.
  9130 | D:10     | Noticed a two-headed ogre
  9147 | D:10     | Killed a two-headed ogre
  9148 | D:10     | Reached skill level 12 in Fighting
  9465 | D:10     | Gained mutation: Your flesh is cold resistant. (rC+)
                  | [hidden potential]
  9465 | D:10     | Lost mutation: You have hidden genetic potential. [hidden
                  | potential expressed]
  9816 | D:10     | Noticed Fannar
  9827 | D:10     | Killed Fannar
  9843 | D:10     | Found a shadowy altar of Dithmenos.
  9850 | D:10     | Found a blossoming altar of Fedhas.
  9881 | D:10     | Reached **** piety under Trog
  9892 | D:10     | Found an ancient bone altar of Kikubaaqudgha.
  9892 | D:10     | Found an iron altar of Okawaru.
  9899 | D:10     | Found a sacrificial altar of Ru.
 10163 | D:10     | Noticed a deep troll
 10173 | D:10     | Killed a deep troll
 10556 | D:11     | Noticed a two-headed ogre
 10570 | D:11     | Killed a two-headed ogre
 11146 | D:11     | Reached skill level 10 in Short Blades
 11423 | D:11     | Noticed a boulder beetle
 11456 | D:11     | Killed a boulder beetle
 11457 | D:11     | Gained mutation: You are completely covered in rugged brown
                  | scales. (AC +3, +7% HP) [demonic ancestry]
 11457 | D:11     | Reached XP level 12. HP: 76/110 MP: 12/12
 11571 | D:12     | Reached ***** piety under Trog
 11742 | D:12     | Reached skill level 13 in Fighting
 12734 | D:12     | Identified the +1 leather armour of the Lich-sworn {Regen+
                  | Int+3}
 13470 | D:13     | Noticed a tengu warrior
 13490 | D:13     | Killed a tengu warrior
 13652 | D:13     | Noticed a centaur warrior
 13661 | D:13     | Killed a centaur warrior
 13762 | D:13     | Noticed a boulder beetle
 13787 | D:13     | Killed a boulder beetle
 13923 | D:13     | Found a broken altar of Ashenzari.
 13942 | D:13     | Noticed a vault guard
 14256 | D:13     | Noticed a vault guard
 14261 | D:13     | Noticed an ogre mage
 14261 | D:13     | Noticed an ogre mage
 14274 | D:13     | Killed an ogre mage
 14279 | D:13     | Killed an ogre mage
 14285 | D:13     | Gained mutation: Your demonic aura often causes spilled
                  | blood to erupt in flames. [demonic ancestry]
 14285 | D:13     | Reached XP level 13. HP: 47/119 MP: 13/13
 14449 | D:13     | Found a gate to the Vaults.
 14463 | D:13     | Reached skill level 14 in Fighting
 14857 | D:14     | Received a gift from Trog
 14888 | D:14     | Noticed Kirke
 14894 | D:14     | Noticed a sphinx
 14910 | D:14     | Paralysed by a sphinx for 4 turns
 14923 | D:14     | Killed Kirke
 15134 | D:14     | Found Apyollus's Antique Weapon Emporium.
 15553 | D:14     | Found Ufaigio's Distillery.
 15838 | D:15     | Entered Level 15 of the Dungeon
 15930 | D:15     | Reached skill level 15 in Fighting
 15930 | D:15     | Gained mutation: Your touch may irresistibly damage your
                  | foes and sap their willpower. [demonic ancestry]
 15930 | D:15     | Reached XP level 14. HP: 18/131 MP: 4/14
 15976 | D:15     | Found a gate leading to a gauntlet.
 16030 | Gauntlet | Entered a Gauntlet
 16030 | Gauntlet | Found a transporter.
 16039 | Gauntlet | Found a transporter.
 16054 | Gauntlet | Found a transporter.
 16059 | Gauntlet | Found a transporter.
 16064 | Gauntlet | Noticed a quicksilver ooze
 16078 | Gauntlet | Found a transporter.
 16093 | Gauntlet | Found a transporter.
 16124 | Gauntlet | Found a transporter.
 16130 | Gauntlet | Found a transporter.
 16141 | Gauntlet | Noticed a cacodemon
 16147 | Gauntlet | Found a transporter.
 16153 | Gauntlet | Found a transporter.
 16174 | Gauntlet | Found a transporter.
 16180 | Gauntlet | Found a transporter.
 16182 | Gauntlet | Found a transporter.
 16205 | Gauntlet | Found a transporter.
 16211 | Gauntlet | Found a transporter.
 16255 | Gauntlet | Found a transporter.
 16282 | Gauntlet | Found a transporter.
 16316 | Gauntlet | Found a transporter.
 16736 | Gauntlet | Identified the ring of Ujibyim {Fire *Corrode Str+4}
 17289 | D:15     | Found a staircase to the Depths.
 17373 | D:15     | Reached ****** piety under Trog
 17387 | D:15     | Reached skill level 16 in Fighting
 17506 | D:15     | Received a gift from Trog
 17756 | D:15     | Reached skill level 10 in Stealth
 18116 | Lair:1   | Entered Level 1 of the Lair of Beasts
 19060 | Lair:2   | Identified the +1 short sword "Eliudiga" {venom, rC+ rN+}
 19177 | Lair:2   | Reached skill level 5 in Armour
 19407 | Lair:2   | Found a hole to the Spider Nest.
 19491 | Lair:2   | Found a staircase to the Shoals.
 19550 | Lair:2   | Reached skill level 17 in Fighting
 20096 | Lair:3   | Received a gift from Trog
 20416 | Lair:3   | Reached skill level 5 in Dodging
 20465 | Lair:3   | Gained mutation: Your presence sometimes corrodes those you
                  | injure. [demonic ancestry]
 20465 | Lair:3   | Reached XP level 15. HP: 133/143 MP: 5/15
 20491 | Lair:3   | Found a dark tunnel.
 20507 | Volcano  | Entered a volcano
 22090 | Lair:4   | Found a viscous altar of Jiyva.
 22108 | Lair:4   | Found a staircase to the Slime Pits.
 22878 | Lair:5   | Entered Level 5 of the Lair of Beasts
 22905 | Lair:5   | Noticed Urug
 22912 | Lair:5   | Reached skill level 5 in Evocations
 22934 | Lair:5   | Killed Urug
 22946 | Lair:5   | Received a gift from Trog
 22947 | Lair:5   | Reached skill level 18 in Fighting
 23245 | Lair:5   | Reached skill level 5 in Throwing
 23681 | Lair:5   | Received a gift from Trog
 23773 | Lair:5   | Reached skill level 19 in Fighting
 24027 | Lair:5   | Received a gift from Trog
 24674 | Orc:1    | Entered Level 1 of the Orcish Mines
 24704 | Orc:1    | Found Sofeilol's Mass Market.
 24842 | Orc:2    | Entered Level 2 of the Orcish Mines
 24842 | Orc:2    | Found a staircase to the Elven Halls.
 25036 | Orc:2    | Found Moehus's Distillery.
 25063 | Orc:2    | Received a gift from Trog
 25170 | Orc:1    | Found a runed translucent gate.
 25213 | Orc:1    | Found a runed translucent gate.
 25213 | Orc:1    | Found a runed translucent gate.
 25214 | Orc:1    | Noticed BlasphemerAmon's ghost (journeyman SpHu)
 25270 | Orc:1    | Reached XP level 16. HP: 132/157 MP: 5/16
 25339 | Orc:1    | Noticed Nergalle
 25362 | Orc:1    | Killed Nergalle
 25419 | Orc:1    | Identified the +2 cloak "Rite" {-Tele Harm Dex+3}
 25739 | Orc:1    | Found an iron altar of Okawaru.
 25751 | Orc:1    | Killed BlasphemerAmon's ghost
 25761 | Orc:1    | Reached skill level 20 in Fighting
 25911 | Orc:2    | Received a gift from Trog
 25953 | Orc:2    | Found Aroutaor's Book Boutique.
 25953 | Orc:2    | Found Cegen's Antique Weapon Shop.
 25953 | Orc:2    | Found Akerew's Antique Armour Shop.
 26055 | Orc:2    | Found Gihurol's Jewellery Boutique.
 26268 | Orc:2    | Bought the ring of Moloug {Will+++ MP-9 Str+2 Dex+6 Stlth+}
                  | for 768 gold pieces
 26425 | Spider:1 | Entered Level 1 of the Spider Nest
 26555 | Spider:1 | Found a frozen archway.
 26562 | IceCv    | Entered an ice cave
 26750 | IceCv    | Received a gift from Trog
 27141 | IceCv    | Reached skill level 21 in Fighting
 27357 | Spider:1 | Noticed Josephine
 27383 | Spider:1 | Killed Josephine
 27630 | Spider:1 | HP: 10/237 [wolf spider (5)]
 27649 | Spider:1 | HP: 10/243 [jumping spider (3)]
 27661 | Spider:1 | HP: 2/162 [jumping spider simulacrum (9)]
 27661 | Spider:1 | Mangled by a jumping spider simulacrum

Illustrated notes

Levels and vault maps discovered:
D:1:      mrwooster_arrival_arrow, layout_rooms, glass_columns_b
D:2:      layout_basic, basic_altar
D:3:      layout_rooms, nemelex_xobeh_ov_fountains_minmay, uniq_natasha
D:4:      layout_basic, serial_shops, shop
D:5:      layout_rooms, minmay_temple_entry_proselytizer
D:6:      layout_loops_corners, uniq_eustachio
D:7:      layout_rooms, xom_confusion_cloud, uniq_pikel
D:8:      layout_basic, elyvilon_altar_3, dreamdust_wishing_well,
          minmay_misc_feat_cross
D:9:      layout_stronghold, serial_shops, nicolae_diamond_shop,
          grunt_decor_junction
D:10:     dreamdust_cave_troll, layout_long_grid,
          nicolae_overflow_hallway_of_the_gods, dpeg_oklobed_lair, david_orc_2,
          serial_glass, glass_columns_a, glass_columns_a, uniq_fannar
D:11:     layout_loops_corners
D:12:     layout_stronghold, serial_column_ruins, column_ruins_square_huge,
          column_ruins_hut, column_ruins_open_tiny,
          column_ruins_columns_straight, column_ruins_columns_T,
          column_ruins_corridor_T, column_ruins_grid_1, minivault_16
D:13:     layout_basic, grunt_vaults_entry_fortified, corexii_checkpoint_b,
          minmay_misc_feat_rows, ashenzari_altar_1
D:14:     layout_big_octagon, serial_shops, shop, shop,
          chequers_serial_rivers_small_3, uniq_kirke
D:15:     hangedman_depths_entry_civil_slaughter, layout_cave_pods,
          gauntlet_entry_generic, minmay_misc_feat_more_columns
Temple:   eino_narrow_crystal_temple
Lair:1:   layout_long_grid
Lair:2:   layout_loops_ring, elwin_shoals_entry_rocks,
          hellmonk_spider_entry_life_and_decay, st_stairs_7, kennysheep_rathole
Lair:3:   layout_layer_cave, lightli_volcano_entry_magma_tube
Lair:4:   layout_cave_pods, minmay_slime_entry_eyes, serial_bayou_pond_a,
          lemuel_oklob_altar
Lair:5:   minmay_lair_end_enchanted_forest, layout_misc_corridors,
          nicolae_lair_yak_garden, uniq_urug
Spider:1: layout_spider_delve, portal_ice_cave_entry_pillars_2,
          nicolae_looking_at_the_future, uniq_josephine
Orc:1:    orc_temple, layout_caves, gammafunk_ghost_fury_of_okawaru,
          minmay_shop_mass, uniq_nergalle
Orc:2:    st_orc_mages, layout_caves, serial_shops,
          nicolae_shop_industrial_runoff

Skill      XL: |  1  2  3  4  5  6  7  8  9 10 11 12 13 14 15 16 |
---------------+-------------------------------------------------+-----
Stealth        | 1 2 4 5 6 7 8 10 11 12 | 12.0
Fighting       | 3 4 5 6 8 10 11 12 13 15 17 19 21 | 21.3
Armour         | 1 2 3 4 5 6 |  6.0
Evocations     | 1 2 3 4 5 |  5.0
Throwing       | 1 2 3 4 5 |  5.0
Dodging        | 2 3 4 5 |  5.9
Short Blades   | 5 8 10 12 14 | 14.0
Staves         | |  2.6
Unarmed Combat | |  3.6

Action                     |  1- 3 |  4- 6 |  7- 9 | 10-12 | 13-15 | 16-18 || total
---------------------------+-------+-------+-------+-------+-------+-------++-------
  Melee: Quarterstaff      |    19 |       |       |       |       |       ||    19
         Unarmed           |    98 |   137 |   133 |       |       |       ||   368
         Touch             |    20 |    21 |    78 |   177 |   488 |   138 ||   922
         Punch             |     1 |     7 |     9 |    29 |    89 |    21 ||   156
         Dagger            |       |       |   222 |   188 |       |       ||   410
         Rapier            |       |       |       |   588 |   115 |       ||   703
         Quick blade       |       |       |       |       |  1849 |   734 ||  2583
  Throw: Stone             |     3 |       |     4 |    40 |    59 |       ||   106
         Dart              |       |       |       |     1 |    62 |     6 ||    69
         Javelin           |       |       |       |     2 |       |       ||     2
         Boomerang         |       |       |       |       |     2 |    10 ||    12
 Invoke: Berserk           |       |       |       |     5 |     1 |     2 ||     8
         Trog's Hand       |       |       |       |     3 |     1 |     2 ||     6
         Brothers in Arms  |       |       |       |       |       |     1 ||     1
  Evoke: Wand              |       |       |       |       |     1 |       ||     1
         Condenser vane    |       |       |       |       |     1 |       ||     1
    Use: Scroll            |     4 |     2 |     8 |    10 |     7 |       ||    31
         Potion            |       |       |     6 |     4 |     4 |     2 ||    16
   Stab: Sleeping          |     1 |       |       |       |     1 |     7 ||     9
         Distracted        |       |       |     1 |     1 |       |     1 ||     3
         Petrified         |       |       |       |       |     1 |       ||     1
 Armour: Robe              |    35 |       |       |       |       |       ||    35
         Scale mail        |       |    68 |   115 |       |       |       ||   183
         Chain mail        |       |       |   161 |       |   233 |   218 ||   612
         Plate armour      |       |       |    35 |   623 |   146 |     7 ||   811
  Dodge: Dodged            |    65 |    52 |   168 |   231 |   728 |   266 ||  1510
  Block: Kite shield       |       |       |       |       |       |    59 ||    59

Table legend: (Time is in decaauts)
 A = Elapsed time spent in this place.
 B = Non-inter-level travel time spent in this place.
 C = Inter-level travel time spent in this place.
 D = Time resting spent in this place.
 E = Time spent auto-exploring this place.
 F = Levels seen in this place.
 G = Mean time per level.
                   A        B        C        D        E       F      G
               +--------+--------+--------+--------+--------+-----+--------+
         Total |  25677 |  21899 |   3778 |   1949 |  11996 |  27 |  951.0 |
       Dungeon |  16544 |  13787 |   2757 |   1583 |   7686 |  15 | 1102.9 |
        Temple |    205 |    185 |     20 |      0 |    175 |   1 |  205.0 |
          Lair |   5546 |   4653 |    893 |    100 |   3318 |   5 | 1109.2 |
   Spider Nest |    340 |    324 |     16 |      0 |    105 |   1 |  340.0 |
  Orcish Mines |   1379 |   1287 |     92 |     93 |    453 |   2 |  689.5 |
      Ice Cave |    632 |    632 |      0 |      4 |    254 |   1 |  632.0 |
       Volcano |    185 |    185 |      0 |      0 |      0 |   1 |  185.0 |
      Gauntlet |    843 |    843 |      0 |    169 |      3 |   1 |  843.0 |
               +--------+--------+--------+--------+--------+-----+--------+

Top non-repeatable levels by time:
     D:6: 1501 daAuts
    D:10: 1495 daAuts
  Lair:3: 1438 daAuts
    D:12: 1412 daAuts
     D:9: 1319 daAuts
    D:11: 1297 daAuts
    D:13: 1144 daAuts
  Lair:5: 1135 daAuts
  Lair:4: 1131 daAuts
     D:2: 1103 daAuts
     D:5: 1064 daAuts
    D:15: 1047 daAuts
  Lair:2: 1038 daAuts
    D:14: 996 daAuts
     D:8: 953 daAuts
